MLB
ATLANTA BRAVES @ MIAMI MARLINS
06/26/2020
 
TOP OF THE 1ST
Atlanta Braves batting - Pitching for Miami Marlins : RHP Sandy Alcantara
Pitching: RHP Sandy Alcantara
Batting: LHB Braden Shewmake 0-0: Ball
1-0: Called Strike
1-1: Foul Ball, location: 2F
1-2: Ground out 4-3 (Groundball, 4, EV 84.4 MPH)
Batting: LHB Ender Inciarte 0-0: Swinging Strike
0-1: Ball
1-1: Ground out U3 (Groundball, 3, EV 85.6 MPH)
Batting: RHB Ronald Acuna Jr. 0-0: Foul Ball, location: 2F
0-1: Ball
1-1: Ball
2-1: Ball
3-1: Called Strike
3-2: Ground out 4-3 (Groundball, 4, EV 91.9 MPH)
Top of the 1st over - 0 runs, 0 hits, 0 errors, 0 left on base; Atlanta 0 - Miami 0
BOTTOM OF THE 1ST
Miami Marlins batting - Pitching for Atlanta Braves : LHP Cole Hamels
Pitching: LHP Cole Hamels
Batting: SHB Jonathan Villar 0-0: Ball
1-0: Ball
2-0: SINGLE (Groundball, 6MD, EV 98.1 MPH)
Batting: RHB Jon Berti 0-0: Ball
1-0: Ball
2-0: Called Strike
2-1: Swinging Strike
2-2: Strikes out swinging
Batting: RHB Brian Anderson 0-0: Ball
1-0: Ball
2-0: Swinging Strike
2-1: Ball
3-1: Fielders Choice at 2nd, 5-4 (Groundball, 5L, EV 81.3 MPH)
Batting: RHB Jesus Aguilar 0-0: Ball
1-0: Fielders Choice at 2nd, 6-4 (Groundball, 56, EV 105.0 MPH)
Bottom of the 1st over - 0 runs, 1 hit, 0 errors, 1 left on base; Atlanta 0 - Miami 0
TOP OF THE 2ND
Atlanta Braves batting - Pitching for Miami Marlins : RHP Sandy Alcantara
Batting: LHB Freddie Freeman 0-0: Foul Ball, location: 2F
0-1: Ball
1-1: Ball
2-1: Ball
3-1: Called Strike
3-2: Strikes out swinging
Batting: RHB Marcell Ozuna 0-0: Ball
1-0: Called Strike
1-1: Called Strike
1-2: Strikes out looking
Batting: RHB Austin Riley 0-0: Called Strike
0-1: Foul Ball, location: 2F
0-2: Strikes out swinging
Top of the 2nd over - 0 runs, 0 hits, 0 errors, 0 left on base; Atlanta 0 - Miami 0
BOTTOM OF THE 2ND
Miami Marlins batting - Pitching for Atlanta Braves : LHP Cole Hamels
Batting: RHB Matt Kemp 0-0: Called Strike
0-1: Ball
1-1: Foul Ball, location: 2F
1-2: Ball
2-2: Foul Ball, location: 2F
2-2: Ground out 4-3 (Groundball, 34, EV 76.9 MPH)
Batting: RHB Francisco Cervelli 0-0: Called Strike
0-1: Foul Ball, location: 2F
0-2: Hit by Pitch
Batting: RHB Lewis Brinson 0-0: Swinging Strike
0-1: Foul Ball, location: 2F
0-2: Ball
1-2: Strikes out swinging
Batting: SHB Eddy Alvarez 0-0: Foul Ball, location: 2F
0-1: Ball
1-1: Swinging Strike
1-2: Foul Ball, location: 2F
1-2: Foul Ball, location: 2F
1-2: Ball
2-2: Strikes out swinging
Bottom of the 2nd over - 0 runs, 0 hits, 0 errors, 1 left on base; Atlanta 0 - Miami 0
TOP OF THE 3RD
Atlanta Braves batting - Pitching for Miami Marlins : RHP Sandy Alcantara
Batting: RHB Tyler Flowers 0-0: Ball
1-0: Foul Ball, location: 2F
1-1: Fly out, F7 (Flyball, 7LM, EV 83.8 MPH)
Batting: RHB Adeiny Hechavarria 0-0: Ball
1-0: Foul Ball, location: 2F
1-1: Reached on error, E6 (Groundball, 56, EV 83.8 MPH)
Batting: LHB Cole Hamels 0-0: Sac Bunt to 3S - play at first, batter OUT! 3-4
Adeiny Hechavarria to second
Batting: LHB Braden Shewmake 0-0: Ball
1-0: Foul Ball, location: 2F
1-1: Ball
2-1: Called Strike
2-2: Foul Ball, location: 2F
2-2: Foul Ball, location: 2F
2-2: Strikes out swinging
Top of the 3rd over - 0 runs, 0 hits, 1 error, 1 left on base; Atlanta 0 - Miami 0
BOTTOM OF THE 3RD
Miami Marlins batting - Pitching for Atlanta Braves : LHP Cole Hamels
Batting: RHB Sandy Alcantara 0-0: Fly out, F8 (Flyball, 78M, EV 95.6 MPH)
Batting: SHB Jonathan Villar 0-0: Fly out, F7 (Flyball, 7S, EV 88.1 MPH)
Batting: RHB Jon Berti 0-0: Swinging Strike
0-1: Ball
1-1: Ball
2-1: Ground out 5-3 (Groundball, 56S, EV 68.1 MPH)
Bottom of the 3rd over - 0 runs, 0 hits, 0 errors, 0 left on base; Atlanta 0 - Miami 0
TOP OF THE 4TH
Atlanta Braves batting - Pitching for Miami Marlins : RHP Sandy Alcantara
Batting: LHB Ender Inciarte 0-0: Ball
1-0: Ball
2-0: Ball
3-0: Called Strike
3-1: Base on Balls
Batting: RHB Ronald Acuna Jr. 0-0: Called Strike
0-1: Ball
Ender Inciarte is caught stealing 2nd base 2-4
1-1: Foul Ball, location: 2F
1-2: Strikes out swinging
Batting: LHB Freddie Freeman 0-0: Called Strike
0-1: Ball
1-1: Called Strike
1-2: Strikes out swinging
Top of the 4th over - 0 runs, 0 hits, 0 errors, 0 left on base; Atlanta 0 - Miami 0
BOTTOM OF THE 4TH
Miami Marlins batting - Pitching for Atlanta Braves : LHP Cole Hamels
Batting: RHB Brian Anderson 0-0: Ball
1-0: Fly out, F7 (Flyball, 78M, EV 91.9 MPH)
Batting: RHB Jesus Aguilar 0-0: Called Strike
0-1: Ground out 6-3 (Groundball, 6, EV 82.5 MPH)
Batting: RHB Matt Kemp 0-0: Ball
1-0: Foul Ball, location: 2F
1-1: Ball
2-1: Foul Ball, location: 2F
2-2: SINGLE (Groundball, 6MD, EV 104.4 MPH)
Batting: RHB Francisco Cervelli 0-0: Ball
Wild Pitch!
Matt Kemp to second
1-0: Ball
2-0: Fly out, F8 (Flyball, 89M, EV 88.1 MPH)
Bottom of the 4th over - 0 runs, 1 hit, 0 errors, 1 left on base; Atlanta 0 - Miami 0
TOP OF THE 5TH
Atlanta Braves batting - Pitching for Miami Marlins : RHP Sandy Alcantara
Batting: RHB Marcell Ozuna 0-0: SINGLE (Flyball, 7LS, EV 87.5 MPH)
Batting: RHB Austin Riley 0-0: Ball
1-0: Swinging Strike
1-1: Called Strike
1-2: Fly out, F7 (Flyball, 7LS, EV 80.0 MPH)
Batting: RHB Tyler Flowers 0-0: Ball
1-0: Swinging Strike
1-1: Ball
2-1: Foul Ball, location: 2F
2-2: 2-RUN HOME RUN (Line Drive, 7LD, EV 103.8 MPH), Distance : 395 ft
Batting: RHB Adeiny Hechavarria 0-0: Swinging Strike
0-1: Ball
1-1: Ball
2-1: Ball
3-1: Foul Ball, location: 2F
3-2: Strikes out swinging
Batting: LHB Cole Hamels 0-0: Ball
1-0: Fly out, F4 (Popup, 4S, EV 58.1 MPH)
Top of the 5th over - 2 runs, 2 hits, 0 errors, 0 left on base; Atlanta 2 - Miami 0
BOTTOM OF THE 5TH
Miami Marlins batting - Pitching for Atlanta Braves : LHP Cole Hamels
Batting: RHB Lewis Brinson 0-0: Ball
1-0: Ball
2-0: Ball
3-0: Called Strike
3-1: Ground out 3-1 (Groundball, 34, EV 101.9 MPH)
Batting: SHB Eddy Alvarez 0-0: Ball
1-0: Foul Ball, location: 2F
1-1: Ball
2-1: Foul Ball, location: 2F
2-2: Foul Ball, location: 2F
2-2: Strikes out swinging
Batting: RHB Sandy Alcantara 0-0: Ball
1-0: Ball
2-0: Fly out, F9 (Flyball, 9LS, EV 73.8 MPH)
Bottom of the 5th over - 0 runs, 0 hits, 0 errors, 0 left on base; Atlanta 2 - Miami 0
TOP OF THE 6TH
Atlanta Braves batting - Pitching for Miami Marlins : RHP Sandy Alcantara
Batting: LHB Braden Shewmake 0-0: Ball
1-0: Ground out 4-3 (Groundball, 4, EV 77.5 MPH)
Batting: LHB Ender Inciarte 0-0: Ball
1-0: Bunt for hit to P - play at first, batter safe!
Batting: RHB Ronald Acuna Jr. 0-0: Ball
1-0: Swinging Strike
1-1: Called Strike
1-2: Strikes out swinging
Batting: LHB Freddie Freeman 0-0: SINGLE (Flyball, 89S, EV 87.5 MPH)
Ender Inciarte to second
Runner from 2nd tries for 3rd, SAFE, no throw by RF
Batting: RHB Marcell Ozuna 0-0: Ball
1-0: Called Strike
1-1: Foul Ball, location: 2F
1-2: Strikes out swinging
Top of the 6th over - 0 runs, 2 hits, 0 errors, 2 left on base; Atlanta 2 - Miami 0
BOTTOM OF THE 6TH
Miami Marlins batting - Pitching for Atlanta Braves : LHP Cole Hamels
Batting: SHB Jonathan Villar 0-0: Called Strike
0-1: Swinging Strike
0-2: Ball
1-2: Strikes out swinging
Batting: RHB Jon Berti 0-0: Called Strike
0-1: Bunt for hit to P - play at first, batter OUT! 1-3
Batting: RHB Brian Anderson 0-0: Called Strike
0-1: Swinging Strike
0-2: Ball
1-2: Foul Ball, location: 2F
1-2: Ball
2-2: Foul Ball, location: 2F
2-2: Strikes out swinging
Bottom of the 6th over - 0 runs, 0 hits, 0 errors, 0 left on base; Atlanta 2 - Miami 0
TOP OF THE 7TH
Atlanta Braves batting - Pitching for Miami Marlins : RHP Sandy Alcantara
Pitching: RHP Dillon Maples
Batting: RHB Austin Riley 0-0: Fly out, F9 (Flyball, 89M, EV 91.9 MPH)
Batting: RHB Tyler Flowers 0-0: Foul Ball, location: 2F
0-1: Ball
1-1: Ball
2-1: Foul Ball, location: 2F
2-2: Strikes out looking
Batting: RHB Adeiny Hechavarria 0-0: Called Strike
0-1: Ball
1-1: Foul Ball, location: 2F
1-2: Ball
2-2: Ball
3-2: Strikes out swinging
Top of the 7th over - 0 runs, 0 hits, 0 errors, 0 left on base; Atlanta 2 - Miami 0
BOTTOM OF THE 7TH
Miami Marlins batting - Pitching for Atlanta Braves : LHP Cole Hamels
Batting: RHB Jesus Aguilar 0-0: Ball
1-0: Fly out, F6 (Popup, 6D, EV 56.3 MPH)
Batting: RHB Matt Kemp 0-0: SINGLE (Groundball, 6MD, EV 102.5 MPH)
Batting: RHB Francisco Cervelli 0-0: Ball
1-0: Called Strike
1-1: Ball
2-1: SINGLE (Line Drive, 7S, EV 95.0 MPH)
Matt Kemp to second
Pinch Runner at 2nd Carlos Gomez:
Batting: RHB Lewis Brinson 0-0: Ball
1-0: Ball
2-0: Called Strike
2-1: Called Strike
2-2: Foul Ball, location: 2F
2-2: SINGLE (Flyball, 5D, EV 82.5 MPH)
Carlos Gomez to third
Francisco Cervelli to second
Pitching: RHP Darren O'Day
Batting: SHB Eddy Alvarez 0-0: Foul Ball, location: 2F
0-1: Swinging Strike
0-2: Ball
1-2: Ball
2-2: Strikes out swinging
Pinch Hitting: RHB Miguel Rojas 0-0: Ball
1-0: Ball
2-0: Ball
3-0: Called Strike
3-1: Called Strike
3-2: SINGLE (Flyball, 8RS, EV 97.5 MPH)
Carlos Gomez scores
Francisco Cervelli to third
Lewis Brinson to second
Francisco Cervelli scores
Lewis Brinson to third
Batting: SHB Jonathan Villar 0-0: Ball
1-0: Ball
2-0: Called Strike
2-1: Swinging Strike
2-2: Strikes out swinging
Bottom of the 7th over - 2 runs, 4 hits, 0 errors, 2 left on base; Atlanta 2 - Miami 2
TOP OF THE 8TH
Atlanta Braves batting - Pitching for Miami Marlins : RHP Dillon Maples
Pitching: RHP Ryne Stanek
Now in LF: Corey Dickerson
Pinch Hitting: RHB Adam Duvall 0-0: Foul Ball, location: 2F
0-1: Ball
1-1: Foul Ball, location: 2F
1-2: Ball
2-2: Fly out, F8 (Line Drive, 8RM, EV 90.0 MPH)
Batting: LHB Braden Shewmake 0-0: Ball
1-0: Foul Ball, location: 2F
1-1: Swinging Strike
1-2: Foul Ball, location: 2F
1-2: Strikes out swinging
Batting: LHB Ender Inciarte 0-0: Ball
1-0: Called Strike
1-1: Swinging Strike
1-2: Ball
2-2: Foul Ball, location: 2F
2-2: Fly out, F7 (Line Drive, 7, EV 91.3 MPH)
Top of the 8th over - 0 runs, 0 hits, 0 errors, 0 left on base; Atlanta 2 - Miami 2
BOTTOM OF THE 8TH
Miami Marlins batting - Pitching for Atlanta Braves : RHP Darren O'Day
Pitching: LHP Grant Dayton
Batting: RHB Jon Berti 0-0: Called Strike
0-1: Swinging Strike
0-2: Foul Ball, location: 2F
0-2: Strikes out looking
Batting: RHB Brian Anderson 0-0: Ball
1-0: Ball
2-0: SINGLE (Groundball, 4D, EV 105.0 MPH)
Batting: RHB Jesus Aguilar 0-0: Called Strike
0-1: Fly out, F7 (Flyball, 7, EV 92.5 MPH)
Batting: LHB Corey Dickerson 0-0: Ground out 4-3 (Groundball, 4, EV 98.1 MPH)
Bottom of the 8th over - 0 runs, 1 hit, 0 errors, 1 left on base; Atlanta 2 - Miami 2
TOP OF THE 9TH
Atlanta Braves batting - Pitching for Miami Marlins : RHP Ryne Stanek
Batting: RHB Ronald Acuna Jr. 0-0: Ball
1-0: Ground out 4-3 (Groundball, 4, EV 100.6 MPH)
Batting: LHB Freddie Freeman 0-0: Ball
1-0: Ground out 4-3 (Groundball, 4, EV 85.0 MPH)
Batting: RHB Marcell Ozuna 0-0: Called Strike
0-1: SINGLE (Line Drive, 78M, EV 95.0 MPH)
Batting: RHB Austin Riley 0-0: Ball
1-0: Ball
2-0: Called Strike
2-1: Swinging Strike
2-2: Strikes out looking
Top of the 9th over - 0 runs, 1 hit, 0 errors, 1 left on base; Atlanta 2 - Miami 2
BOTTOM OF THE 9TH
Miami Marlins batting - Pitching for Atlanta Braves : LHP Grant Dayton
Batting: RHB Francisco Cervelli 0-0: Ball
1-0: Called Strike
1-1: Hit by Pitch
Batting: RHB Lewis Brinson 0-0: Called Strike
0-1: Swinging Strike
0-2: Fly out, F8 (Flyball, 8RM, EV 90.0 MPH)
Batting: SHB Eddy Alvarez 0-0: Fly out, F9 (Flyball, 9LM, EV 93.8 MPH)
Pinch Hitting: RHB Jorge Alfaro 0-0: Ball
1-0: Swinging Strike
1-1: Fielders Choice at 2nd, 6-4 (Groundball, 6, EV 110.0 MPH)
Bottom of the 9th over - 0 runs, 0 hits, 0 errors, 1 left on base; Atlanta 2 - Miami 2
TOP OF THE 10TH
Atlanta Braves batting - Pitching for Miami Marlins : RHP Ryne Stanek
Pitching: RHP Drew Steckenrider
Batting: RHB Tyler Flowers 0-0: Foul Ball, location: 2F
0-1: Ball
1-1: Swinging Strike
1-2: Ball
2-2: Strikes out swinging
Batting: RHB Adeiny Hechavarria 0-0: Ball
1-0: Ball
2-0: Ball
3-0: Foul Ball, location: 2F
3-1: SINGLE (Line Drive, 89S, EV 98.1 MPH)
Pinch Hitting: RHB Travis d'Arnaud 0-0: Ball
1-0: Foul Ball, location: 2F
1-1: DOUBLE (Flyball, 89D, EV 96.3 MPH)
Adeiny Hechavarria to third
Batting: LHB Braden Shewmake 0-0: Swinging Strike
0-1: Foul Ball, location: 2F
0-2: SINGLE (Groundball, 34D, EV 108.1 MPH)
Adeiny Hechavarria scores
Travis d'Arnaud to third
Runner from 3rd tries for Home, throw by RF and OUT! 9-2
Batting: LHB Ender Inciarte 0-0: Foul Ball, location: 2F
0-1: Ball
1-1: Swinging Strike
1-2: Ball
2-2: Strikes out swinging
Top of the 10th over - 1 run, 3 hits, 0 errors, 1 left on base; Atlanta 3 - Miami 2
BOTTOM OF THE 10TH
Miami Marlins batting - Pitching for Atlanta Braves : LHP Grant Dayton
Pitching: RHP Chris Martin
Batting: SHB Jonathan Villar 0-0: Ball
1-0: Swinging Strike
1-1: Fly out, F7 (Flyball, 7, EV 95.0 MPH)
Batting: RHB Jon Berti 0-0: SINGLE (Line Drive, 56, EV 96.3 MPH)
Batting: RHB Brian Anderson 0-0: Swinging Strike
0-1: Ball
1-1: SINGLE (Line Drive, 34D, EV 106.9 MPH)
Jon Berti to second
Batting: RHB Jesus Aguilar 0-0: Foul Ball, location: 2F
0-1: Ball
1-1: Foul Ball, location: 2F
1-2: Strikes out looking
Batting: LHB Corey Dickerson 0-0: SINGLE (Line Drive, 56D, EV 96.9 MPH)
Jon Berti to third
Brian Anderson to second
Runner from 3rd tries for Home, SAFE, throw by LF to home
Batting: RHB Francisco Cervelli 0-0: Foul Ball, location: 2F
0-1: Ball
1-1: Ball
2-1: Foul Ball, location: 2F
2-2: Foul Ball, location: 2F
2-2: Foul Ball, location: 2F
2-2: Ball
3-2: Ground out 6-3 (Groundball, 6, EV 108.8 MPH)
Bottom of the 10th over - 1 run, 3 hits, 0 errors, 2 left on base; Atlanta 3 - Miami 3
TOP OF THE 11TH
Atlanta Braves batting - Pitching for Miami Marlins : RHP Drew Steckenrider
Pitching: LHP Alex Vesia
Now in LF: Craig Gentry
Batting: RHB Ronald Acuna Jr. 0-0: Called Strike
0-1: Ball
1-1: Ball
2-1: Swinging Strike
2-2: SINGLE (Line Drive, 9S, EV 94.4 MPH)
Batting: LHB Freddie Freeman 0-0: Ball
Ronald Acuna Jr. steals 2nd base
1-0: Ball
2-0: Fly out, F9 (Line Drive, 9, EV 96.9 MPH)
Batting: RHB Marcell Ozuna 0-0: Ground out 6-3 (Groundball, 6S, EV 78.8 MPH)
Ronald Acuna Jr. to third
Batting: RHB Austin Riley 0-0: Intentional Walk
Batting: RHB Tyler Flowers 0-0: Called Strike
0-1: Ball
1-1: Foul Ball, location: 2F
1-2: Foul Ball, location: 2F
1-2: Foul Ball, location: 2F
1-2: Fielders Choice at 2nd, 6-4 (Groundball, 6, EV 95.6 MPH)
Top of the 11th over - 0 runs, 1 hit, 0 errors, 2 left on base; Atlanta 3 - Miami 3
BOTTOM OF THE 11TH
Miami Marlins batting - Pitching for Atlanta Braves : RHP Chris Martin
Pitching: RHP Mark Melancon
Batting: RHB Lewis Brinson 0-0: Hit by Pitch
Batting: SHB Eddy Alvarez 0-0: Fielders Choice at 2nd, 1-4 (Groundball, 15S, EV 73.8 MPH)
Batting: RHB Craig Gentry 0-0: Ball
1-0: Ball
2-0: Ball
3-0: Called Strike
3-1: Called Strike
3-2: SINGLE (Groundball, 6MD, EV 97.5 MPH)
Eddy Alvarez to second
Batting: SHB Jonathan Villar 0-0: Called Strike
0-1: Ball
Wild Pitch!
Eddy Alvarez to third
Craig Gentry to second
1-1: Intentional Walk
Batting: RHB Jon Berti 0-0: Ball
1-0: Ball
2-0: Grounds into fielders choice 5-2 (Groundball, 56S, EV 87.5 MPH)
Craig Gentry to third
Jonathan Villar to second
Batting: RHB Brian Anderson 0-0: Ball
1-0: Ball
2-0: Called Strike
2-1: Ball
3-1: Base on Balls
Craig Gentry scores
Jonathan Villar to third
Jon Berti to second
Bottom of the 11th over - 1 run, 1 hit, 0 errors, 0 left on base; Atlanta 3 - Miami 4
Thursday, July 2nd, 2020 - OOTP Baseball 21.4 Build 63